 Dungeon Crawl Stone Soup version 0.28.0 (webtiles) character file.

Game seed: 3545916561289666131

119 snetch the Magician (level 5, -4/35 HPs)
             Began as a Djinni Fire Elementalist on Feb 9, 2022.
             Was an Initiate of Yredelemnul.
             Slain by a gnoll (5 damage)
             ... on level 3 of the Dungeon.
             The game lasted 00:09:56 (3461 turns).

snetch the Magician (Djinni Fire Elementalist)      Turns: 3461, Time: 00:09:56

Health: -4/35      AC:  6    Str:  7    XL:     5   Next: 24%
Gold:   53         EV: 10    Int: 18    God:    Yredelemnul [......] SH:  0 Dex: 14

rFire   + + .      SeeInvis .   n - +4 dagger (venom)
rCold   x . .      Faith    .   (no shield)
rNeg    . . .      Spirit   .   d - +0 ring mail
rPois   ∞          Reflect  .   o - +0 helmet
rElec   .          Harm     .   (no cloak)
rCorr   .          Rampage  .   (no gloves)
Will    .....                   (boots unavailable)
Stlth   +.........              (no amulet)
HPRegen 0.11/turn               (no ring)
MPRegen 0.00/turn               (no ring)

@: flying
A: sickness immunity, fire resistance 2, cold vulnerability 1, float, innate
caster, HP casting, extra vitality 1
a: Renounce Religion, Recall Undead Harvest


You were on level 3 of the Dungeon.
You worshipped Yredelemnul.
Yredelemnul was noncommittal.
You visited 1 branch of the dungeon, and saw 3 of its levels.

You collected 53 gold pieces.

Inventory:

Hand Weapons
 a - a +0 dagger of flaming
 n - a +4 dagger of venom (weapon)
Missiles
 b - 76 stones
 g - 2 poisoned darts
 j - 24 bolts
Armour
 d - a +0 ring mail (worn)
 i - a +1 scale mail of poison resistance
 o - a +0 helmet (worn)
Wands
 m - a wand of digging (4)
Scrolls
 c - a scroll of teleportation {unknown}
 h - a scroll of torment {unknown}
 l - a scroll of acquirement {unknown}
Potions
 e - a potion of might {unknown}
 f - 2 potions of heal wounds {unknown}
 k - a potion of attraction {unknown}


   Skills:
 + Level 0.5 Armour
 + Level 3.1 Dodging
 + Level 2.3 Stealth
 + Level 3.6 Spellcasting


You couldn't memorise any spells.
You knew the following spells:

 Your Spells              Type           Power      Damage    Failure   Level
a - Foxfire               Conj/Fire      64%        2x1d7     12%         1
b - Scorch                Fire           32%        2d6       19%         2
c - Conjure Flame         Conj/Fire      16%        6-21      34%         3
d - Inner Flame           Hex/Fire       16%        N/A       34%         3
e - Flame Wave            Conj/Fire      16%        2d6       75%         4
f - Sting                 Tmut/Pois      64%        1d6       12%         1
g - Ensorcelled Hibernat  Hex/Ice        32%        N/A       19%         2
Your spell library was empty.

Dungeon Overview and Level Annotations

Branches:
Dungeon (3/15)

Altars:
Yredelemnul


Innate Abilities, Weirdness & Mutations

You are immune to sickness and miasma.
You are immune to poison.
Your flesh is very heat resistant. (rF++)
You are vulnerable to cold. (rC-)
You float through the air rather than walking.
You learn spells naturally, not from books.
Your magical power is your life essence.
You have superior vitality. (+4 MHP)


Message History

Casting: Scorch (safe; 19% risk of failure)
Confirm with . or Enter, or press ? or * to list all spells.
Flames lash the gnoll.
The gnoll is burned terribly!
You kill the gnoll!
* * * LOW HITPOINT WARNING * * *
The gnoll hits you with a +0 club.
* * * LOW HITPOINT WARNING * * *
Your magical contamination has completely faded away.
You see here a +0 dagger.
There is a stone staircase leading up here.
Things that are here:
a +0 flail; a +0 flail
Casting: Scorch (safe; 19% risk of failure)
Confirm with . or Enter, or press ? or * to list all spells.
Flames lash the gnoll.
The gnoll is severely wounded.
The gnoll's fire resistance burns away.
* * * LOW HITPOINT WARNING * * *
Found 22 bolts.
The gnoll is no longer more vulnerable to fire.
Found a scroll labelled GUTAELOTUC.
Found an escape hatch in the ceiling.
A giant cockroach comes into view.
Casting: Foxfire (safe; 12% risk of failure)
Press: ? - help, Q - select action, (/) - cycle Dir - look around, f - activate You conjure some foxfire!
* * * LOW HITPOINT WARNING * * *
The foxfire hits the gnoll.
The gnoll is severely wounded.
You closely miss the gnoll.
The gnoll is severely wounded.
The foxfire hits the gnoll.
The gnoll is almost dead.
The giant cockroach closely misses you. The gnoll closely misses you.
You hit the gnoll.
You kill the gnoll!
A black mist starts to gather...
The giant cockroach bites you.
* * * LOW HITPOINT WARNING * * *
The gnoll hits you with a +0 club.
You die...
Your body rises from the dead as a mindless zombie.

.# ##.# #<. #.# ##
####.###...
######@B......#
#....Z.)g.(.###
....?........##
..............# ..
..............###..≈.
..................≈..
..............###..≈
..............#
.............#


You could see a gnoll, a giant cockroach and a friendly gnoll zombie.

Vanquished Creatures
  An iguana (D:2)
  Robin (D:2)
  3 gnolls (D:3)
  An adder (D:2)
  A worm (D:3)
  2 endoplasms
  3 giant cockroaches
  12 goblins
  4 hobgoblins
  5 jackals
  3 ball pythons
  3 bats
  3 frilled lizards
  3 kobolds
  5 rats
50 creatures vanquished.

Vanquished Creatures (others)
  101 foxfires
  2 plants (D:2)
103 creatures vanquished.

Grand Total: 153 creatures vanquished

Notes
Turn   | Place    | Note
-------+----------+-------------------------------------------
     0 | D:1      | snetch the Djinni Fire Elementalist began the quest for the
                  | Orb.
     0 | D:1      | Reached XP level 1. HP: 15/15 MP: 0/0
   384 | D:1      | Reached XP level 2. HP: 18/21 MP: 0/0
  1609 | D:2      | Reached XP level 3. HP: 13/25 MP: 0/0
  1609 | D:2      | Learned a level 1 spell: Sting
  1942 | D:2      | Reached XP level 4. HP: 23/31 MP: 0/0
  2245 | D:3      | Noticed Robin
  2468 | D:2      | Killed Robin
  2982 | D:2      | Reached XP level 5. HP: 33/35 MP: 0/0
  2982 | D:2      | Learned a level 2 spell: Ensorcelled Hibernation
  3013 | D:2      | Found a faded altar of an unknown god.
  3018 | D:2      | Prayed at the altar of an unknown god.
  3018 | D:2      | Became a worshipper of Yredelemnul the Dark
  3018 | D:2      | Reached * piety under Yredelemnul
  3461 | D:3      | HP: 1/35 [giant cockroach (1)]
  3461 | D:3      | Slain by a gnoll

Illustrated notes

Levels and vault maps discovered:
D:1:      lightli_iron_boxes, layout_basic
D:2:      layout_basic, chequers_ecumenical_altar_lobes
D:3:      layout_rooms, nicolae_ru_path_of_blood, serial_shops, shop,
          uniq_robin, uniq_terence

Skill      XL: |  1  2  3  4 |
---------------+-------------+-----
Spellcasting   | 3 |  3.6
Stealth        | 2 |  2.3
Dodging        | 3 |  3.1
Armour         | |  0.5

Action                   |  1- 3 |  4- 6 || total
-------------------------+-------+-------++-------
Melee: Dagger            |     2 |     3 ||     5
       Punch             |     1 |       ||     1
 Cast: Foxfire           |    33 |    28 ||    61
       Scorch            |     7 |    16 ||    23
       Sting             |     2 |       ||     2
Invok: Recall Undead Har |       |     1 ||     1
 Stab: Sleeping          |       |     1 ||     1
Armor: Ring mail         |     4 |    24 ||    28
       Robe              |     2 |       ||     2
Dodge: Dodged            |    18 |    19 ||    37
